 Dungeon Crawl Stone Soup version 0.28.0 (webtiles) character file.

Game seed: 6070341939635847145

583 Hasart the Chopper (level 6, 0/52 HPs)
             Began as a Demigod Fighter on Feb 16, 2022.
             Slain by an orc (3 damage)
             ... on level 4 of the Dungeon.
             The game lasted 00:09:08 (4085 turns).

Hasart the Chopper (Demigod Fighter)                Turns: 4085, Time: 00:09:09

Health: 0/52       AC: 11    Str: 25    XL:     6   Next: 90%
Magic:  8/8        EV: 14    Int: 12    God:
Gold:   2          SH:  7    Dex: 13    Spells: 5/5 levels left

rFire   + . .      SeeInvis .   w - +5 war axe "Nesous" {freeze, rC++ Int+2}
rCold   + + .      Faith    .   t - +2 buckler
rNeg    . . .      Spirit   .   b - +0 scale mail
rPois   .          Reflect  .   (no helmet)
rElec   .          Harm     .   p - +0 cloak
rCorr   .          Rampage  .   q - +2 pair of gloves
Will    .....                   (no boots)
Stlth   ..........              s - amulet of regeneration
HPRegen 0.97/turn               j - +4 ring of evasion
MPRegen 0.11/turn               n - ring of protection from fire

@: no status effects
A: high MP 1, forlorn, divine attributes
a: no special abilities


You were on level 4 of the Dungeon.
You visited 1 branch of the dungeon, and saw 5 of its levels.

You collected 197 gold pieces.
You spent 195 gold pieces at shops.

Inventory:

Hand Weapons
 w - the +5 war axe "Nesous" (weapon) {freeze, rC++ Int+2}
   (You bought it in a shop on level 1 of the Dungeon)

   It freezes those it strikes, dealing additional cold damage.
   It can also slow down cold-blooded creatures.
   Int:       It affects your intelligence (+2).
   rC:        It greatly protects you from cold.
Missiles
 e - a boomerang (quivered)
 g - 2 throwing nets
Armour
 b - a +0 scale mail (worn)
 p - a +0 cloak (worn)
 q - a +2 pair of gloves (worn)
 t - a +2 buckler (worn)
Jewellery
 j - a +4 ring of evasion (left hand)
 n - a ring of protection from fire (right hand)
 s - an amulet of regeneration (around neck)
 v - a +4 ring of protection
Scrolls
 f - a scroll of fear {unknown}
 i - a scroll of noise {unknown}
 l - 2 scrolls of identify {unknown}
 o - 2 scrolls of fog {unknown}
 r - a scroll of immolation {unknown}
 u - a scroll of holy word {unknown}
Potions
 c - a potion of cancellation {unknown}
 d - a potion of might
 h - a potion of resistance {unknown}
 k - a potion of flight {unknown}
 m - 4 potions of curing {unknown}


   Skills:
 + Level 3.6 Fighting
 * Level 4.0 Axes
 + Level 2.2 Throwing
 + Level 3.7 Armour
 + Level 2.4 Dodging
 + Level 3.7 Shields


You had 5 spell levels left.
You didn't know any spells.
Your spell library contained the following spells:

 Spells                   Type           Power      Damage    Failure   Level
 Shock                    Conj/Air       0%         1d3       71%         1
 Summon Small Mammal      Summ           0%         N/A       71%         1
 Corpse Rot               Necr/Air       0%         N/A       83%         2
 Swiftness                Air            0%         N/A       97%         3
 Airstrike                Air            0%         N/A       100%        4
 Dispel Undead            Necr           0%         3d6       100%        4
 Death Channel            Necr           0%         N/A       100%        6


Dungeon Overview and Level Annotations

Branches:
Dungeon (5/15)
 Temple: D:4-7

Shops:
D:1 (   D:5 *

Annotations:
D:3 1 runed translucent door, Crazy Yiuf
D:4 Menkaure


Innate Abilities, Weirdness & Mutations

You have an increased reservoir of magic. (+10% MP)
You shall have no god before yourself.
Your divine heritage dramatically boosts your attributes as you level up.


Message History

Unknown command.
You slash the orc priest! You freeze the orc priest.
You kill the orc priest!
You closely miss the orc wizard. You miss the orc.
The orc wizard mumbles some strange words.
The orc wizard flickers and vanishes!
Deactivating autopickup; reactivate with Ctrl-A.
The orc hits you but does no damage. Something hits you but does no damage.
The orc hits you but does no damage.
Unknown command.
You slash something! You freeze something.
Reactivating autopickup.
You feel a bit more experienced.
You barely miss the orc priest.
You feel less confused. The orc priest misses you.
The orc hits you from afar with a +0 trident.
The orc priest hits you with a +3 falchion.
You hit the orc priest but do no damage.
The orc priest is heavily wounded.
The orc barely misses you.
The orc priest invokes the aid of Beogh against you.
Beogh smites you! You block the orc's attack.
You barely miss the orc priest.
The orc priest is heavily wounded.
The orc priest misses you.
The orc hits you from afar with a +0 trident.
* * * LOW HITPOINT WARNING * * *
You closely miss the orc priest.
The orc priest is heavily wounded.
The orc priest invokes the aid of Beogh against you.
Beogh smites you!
* * * LOW HITPOINT WARNING * * *
You block the orc's attack.
The orc priest hits you with a +3 falchion.
* * * LOW HITPOINT WARNING * * *
Okay, then.
You barely miss the orc priest.
The orc priest is heavily wounded.
The orc hits you from afar with a +0 trident.
You die...

...?....................
.....Z..................
........................
........................
........................
...... ................
....+## #...o)........
....+.# #...)o@....#
....#.## #..).).....#
....#..#
#..........#####
..Z.##.#
#####..........# Y.Y.
#.# #..........########


.YYY #.## #..........'....... .... #..# #.)........######## #######.##
#.<........# ### _#.......# #..........# #.. You could see an orc priest and an
orc.

Vanquished Creatures
  An ice beast (D:5)
  A scorpion (D:5)
  A wyvern skeleton (D:5)
  A bullfrog skeleton (D:5)
  A jelly (D:5)
  3 orc priests
  Terence (D:3)
  2 orc wizards
  An iguana (D:4)
  4 adders
  An adder skeleton (D:4)
  5 dart slugs
  7 orcs
  11 ball pythons
  4 endoplasms
  4 giant cockroaches
  4 hobgoblins
  4 jackals (D:1)
  2 quokkas
  5 bats
  4 frilled lizards
  12 goblins
  4 kobolds
  5 rats
88 creatures vanquished.

Vanquished Creatures (others)
  A plant (D:3)
1 creature vanquished.

Grand Total: 89 creatures vanquished

Notes
Turn   | Place    | Note
-------+----------+-------------------------------------------
     0 | D:1      | Hasart the Demigod Fighter began the quest for the Orb.
     0 | D:1      | Reached XP level 1. HP: 18/18 MP: 3/3
   193 | D:1      | Reached skill level 2 in Axes
   231 | D:1      | Reached XP level 2. HP: 17/25 MP: 4/4
   336 | D:1      | Found Xomadudo's Antique Weapon Boutique.
  1131 | D:1      | Reached XP level 3. HP: 30/30 MP: 5/5
  1252 | D:1      | Reached skill level 1 in Dodging
  2269 | D:3      | Noticed Terence
  2272 | D:3      | Reached XP level 4. HP: 38/38 MP: 6/6
  2278 | D:3      | Killed Terence
  2279 | D:3      | Reached skill level 1 in Throwing
  2292 | D:3      | Got Plato's Tome of the Entourage
  2729 | D:3      | Found a runed translucent door.
  2730 | D:3      | Noticed Crazy Yiuf
  3021 | D:4      | Noticed Menkaure
  3151 | D:4      | Noticed a yak
  3151 | D:4      | Noticed a yak
  3151 | D:4      | Noticed a yak
  3151 | D:4      | Noticed a yak
  3151 | D:4      | Noticed a yak
  3342 | D:5      | Entered Level 5 of the Dungeon
  3342 | D:5      | Found Kobun's Gadget Gallery.
  3359 | D:5      | Reached skill level 3 in Axes
  3361 | D:5      | Reached XP level 5. HP: 39/45 MP: 7/7
  3526 | D:5      | Reached XP level 6. HP: 35/51 MP: 8/8
  3965 | D:1      | Bought a translucent war axe for 195 gold pieces
  3965 | D:1      | Identified the +5 war axe "Nesous" {freeze, rC++ Int+2}
                  | (You bought it in a shop on level 1 of the Dungeon)
  4073 | D:4      | Reached skill level 4 in Axes
  4084 | D:4      | HP: 2/52 [orc priest (1)]
  4085 | D:4      | Slain by an orc

Illustrated notes

Levels and vault maps discovered:
D:1:      wander_arrival_fairy_ring, layout_basic, serial_shops, shop
D:2:      layout_loops_cross
D:3:      layout_loops_ring, shapermc_ecumenical_altar_rom_forum,
          uniq_crazy_yiuf_cottage, uniq_terence
D:4:      layout_basic, minmay_overflow_temple_star_hex, uniq_menkaure
D:5:      layout_rooms, temple_doors_ab, nicolae_shop_gadgets, uniq_edmund

Skill      XL: |  1  2  3  4  5  6 |
---------------+-------------------+-----
Axes           | 2 3 4 |  4.0
Dodging        | 1 2 |  2.4
Armour         | 3 |  3.7
Shields        | 3 |  3.7
Fighting       | 3 |  3.6
Throwing       | 1 2 |  2.2

Action                   |  1- 3 |  4- 6 || total
-------------------------+-------+-------++-------
Melee: War axe           |   153 |   121 ||   274
Throw: Boomerang         |       |     6 ||     6
Armor: Scale mail        |    78 |    57 ||   135
Dodge: Dodged            |    94 |    84 ||   178
Block: Buckler           |    44 |    36 ||    80
